 Dungeon Crawl Stone Soup version 0.22.1-2-g9c5b331 (webtiles) character file.

8526 Heatsaber the Slicer (level 11, -1/60 HPs)
             Began as a Vine Stalker Warper on Dec 31, 2018.
             Was a High Priest of Okawaru.
             Killed from afar by a molten gargoyle (13 damage)
             ... with a bolt of magma
             ... on level 9 of the Dungeon.
             The game lasted 00:58:47 (9009 turns).

Heatsaber the Slicer (Vine Stalker Warper)          Turns: 9009, Time: 00:58:48

Health: -1/60      AC: 11    Str: 17    XL:     11   Next: 32%
Magic:  0/15       EV: 12    Int: 13    God:    Okawaru [*****.]
Gold:   635        SH:  0    Dex: 14    Spells: 8/14 levels left

rFire    . . .     SeeInvis .   m - +2 dagger (drain)
rCold    . . .     Gourm    .   (no shield)
rNeg     . . .     Faith    .   r - +0 ring mail
rPois    .         Spirit   +   E - +0 helmet
rElec    .         Reflect  .   (no cloak)
rCorr    .         Harm     .   q - +0 pair of gloves
MR       +....                  k - +1 pair of boots
Stlth    +.........             c - amulet of rage (curse)
HPRegen  0.60/turn              (no ring)
MPRegen  0.14/turn              (no ring)

@: very slightly contaminated
A: fangs 3, regeneration 1, magic shield, antimagic bite, no potion heal 3, rot
immunity
a: Heroism, Finesse, Renounce Religion, Evoke Berserk Rage


You were on level 9 of the Dungeon.
You worshipped Okawaru.
Okawaru was extremely pleased with you.
You were very hungry.

You visited 2 branches of the dungeon, and saw 10 of its levels.
You also visited: Sewer and Ossuary.

You collected 635 gold pieces.

Inventory:

Hand Weapons
 j - a +0 rapier
 m - a +2 dagger of draining (weapon)
 v - a +0 blowgun
 K - the +4 whip of Jebeg {slash, Int+6 Dex-4}
   (You took it off a crimson imp on level 7 of the Dungeon)

   It inflicts extra damage upon your enemies.
   It affects your intelligence (+6).
   It affects your dexterity (-4).
 O - a +3 falchion of flaming
Missiles
 a - 8 javelins (quivered)
 e - 5 tomahawks of dispersal
 h - 46 poisoned needles
 F - 10 tomahawks
 P - 4 tomahawks of returning
Armour
 b - a +0 leather armour
 k - a +1 pair of boots (worn)
 n - a +0 chain mail
 q - a +0 pair of gloves (worn)
 r - a +0 ring mail (worn)
 E - a +0 helmet (worn)
Magical Staves
 J - an uncursed staff of poison
Jewellery
 c - a cursed amulet of rage (around neck)
 A - an uncursed ring of ice
Wands
 D - a wand of iceblast (11)
 Q - a wand of polymorph (14)
Scrolls
 d - a scroll of blinking
 i - 2 scrolls of random uselessness {unknown}
 l - 7 scrolls of remove curse
 o - 4 scrolls of teleportation
 p - 5 scrolls of magic mapping
 s - a scroll of enchant armour
 t - a scroll of fog {unknown}
 y - 2 scrolls of fear
 B - a scroll of amnesia {unknown}
 G - a scroll of torment {unknown}
 I - a scroll of enchant weapon {unknown}
 M - 2 scrolls of vulnerability {unknown}
 N - a scroll of silence {unknown}
Potions
 g - 10 potions of curing
 u - a potion of heal wounds {unknown}
 w - 2 potions of might
 x - a potion of magic
 z - 4 potions of invisibility
 C - a potion of berserk rage {unknown}
 H - a potion of mutation {unknown}
 L - a potion of lignification {unknown}
 R - a potion of resistance {unknown}
Comestibles
 f - 26 rations


   Skills:
 + Level 8.8 Fighting
 - Level 10.0 Short Blades
 + Level 2.1 Throwing
 + Level 7.9 Armour
 + Level 2.4 Dodging
 - Level 2.1 Spellcasting
 - Level 3.0 Translocations


You had 8 spell levels left.
You knew the following spells:

 Your Spells              Type           Power        Failure   Level  Hunger
a - Blink                 Tloc           N/A          19%         2    ###....
b - Shroud of Golubria    Chrm/Tloc      #.........   34%         2    ###....
c - Song of Slaying       Chrm           #.......     54%         2    ###....

Your spell library contained the following spells:

 Spells                   Type           Power        Failure   Level  Hunger
 Gell's Gravitas          Tloc           #.........   36%         3    ####...
 Lesser Beckoning         Tloc           #.........   36%         3    ####...
 Teleport Other           Tloc           #.......     36%         3    ####...
 Confusing Touch          Hex            #.....       38%         1    ##.....
 Infusion                 Chrm           #...         38%         1    ##.....
 Summon Small Mammal      Summ           #...         38%         1    ##.....
 Call Imp                 Summ           #.......     54%         2    ###....
 Call Canine Familiar     Summ           #.......     77%         3    ####...
 Confuse                  Hex            #.......     77%         3    ####...
 Regeneration             Chrm/Necr      #.........   77%         3    ####...
 Spectral Weapon          Hex/Chrm       #.......     77%         3    ####...
 Summon Guardian Golem    Hex/Summ       #.......     77%         3    ####...
 Passage of Golubria      Tloc           N/A          77%         4    #####..
 Petrify                  Tmut/Erth      #.......     99%         4    #####..
 Summon Ice Beast         Ice/Summ       #.......     99%         4    #####..
 Summon Lightning Spire   Summ/Air       #.......     99%         4    #####..
 Metabolic Englaciation   Hex/Ice        #.........   100%        5    ######.
 Yara's Violent Unravell  Hex/Tmut       #.........   100%        5    ######.


Dungeon Overview and Level Annotations

Branches:
Dungeon (9/15)             Temple (1/1) D:4             Orc (0/2) D:9
   Lair: D:8-11

Altars:
Ashenzari
Cheibriados
Dithmenos
Elyvilon
Fedhas
Gozag
Hepliaklqana
Kikubaaqudgha
Makhleb
Nemelex Xobeh
Okawaru
Qazlal
Sif Muna
Trog
Uskayaw
Vehumet
Wu Jian
Xom
Yredelemnul
Zin
The Shining One

Shops:
D:4 (   D:7 }

Annotations:
D:3 2 transporters


Innate Abilities, Weirdness & Mutations

You have razor-sharp teeth.
Your natural rate of healing is unusually fast.
When hurt, damage is shared between your health and your magic reserves.
Your bite disrupts and absorbs the magic of your enemies.
Potions cannot restore your health.
You are immune to rotting.


Message History

The molten gargoyle is lightly damaged.
You completely miss the molten gargoyle.
The molten gargoyle is lightly damaged.
The molten gargoyle hits you with a mace!
You are engulfed in flames!
You hit the molten gargoyle but do no damage.
The molten gargoyle is lightly damaged.
You fail to use your ability.
The molten gargoyle blasts magma at you!
The bolt of magma misses you.
You fail to use your ability.
The molten gargoyle hits you with a mace!
You are engulfed in flames!
* * * LOW HITPOINT WARNING * * *
Blink to where?
Press: ? - help, Dir - move target cursor
As you read the scroll of blinking, it crumbles to dust.
The molten gargoyle blasts magma at you!
The bolt of magma hits you!
You die...

#9§≈88§§. ##..≈≈88§≈§ ####..#
≈≈≈≈§§§ #########....# ≈≈§≈.
#.....#.....#.# §.. ##
#.###.#.#.#9# .# #.#.# #.#
#.....#§# .# #.## #.###.#.###.#
.# ##.# #.........@.# # #.##
#.#.###.#.### #... ########.#..##
###. ### #8..#........###+## #)
..# #_............#...## #. #.#
#8..#..............## ##. #.#
#####..#.##.#.......## ##..
#.#####.##....##..........####...
...)...^........+.........'......


You could see a molten gargoyle.

Vanquished Creatures
  A hydra (D:8)
  A centaur warrior (D:8)
  Joseph (D:7)
  A molten gargoyle (D:9)
  Grinder (D:3)
  2 dream sheep (D:8)
  A shadow (D:8)
  Sigmund (D:3)
  7 yaks
  A wraith (D:8)
  3 hungry ghosts (D:8)
  Menkaure (D:7)
  3 wargs (D:9)
  Edmund (D:6)
  3 ice beasts
  A hornet zombie (D:7)
  An orc warrior (D:7)
  A phantom (D:9)
  2 centaurs
  4 big kobolds (D:8)
  3 bullfrogs
  An elf zombie (Ossuary)
  3 elf skeletons (D:7)
  A scorpion (D:9)
  A water moccasin skeleton (D:7)
  15 killer bees
  2 centaur zombies (Ossuary)
  6 crimson imps
  5 human zombies
  2 quasits (D:7)
  3 hounds
  4 jellies
  A bullfrog skeleton (D:9)
  3 centaur skeletons
  7 orc wizards
  2 worker ants
  A big kobold zombie (Ossuary)
  3 mummies (Ossuary)
  A hound skeleton (D:6)
  A hound zombie (Ossuary)
  A howler monkey skeleton (D:4)
  12 adders
  A shadow imp (D:7)
  7 adder zombies (Ossuary)
  3 worms
  4 leopard geckos
  16 orcs
  11 ball pythons
  2 bat zombies (D:6)
  10 giant cockroaches
  A gnoll zombie (Ossuary)
  5 hobgoblins
  14 jackals
  17 kobolds
  3 quokkas
  8 bats
  3 frilled lizards
  4 goblins
  2 goblin zombies (Ossuary)
  2 hobgoblin zombies (Ossuary)
  A jackal skeleton (D:5)
  3 jackal zombies (Ossuary)
  2 kobold zombies (Ossuary)
  2 orc skeletons (D:7)
  An orc zombie (Ossuary)
  A quokka skeleton (D:8)
  4 quokka zombies
  9 rats
  6 rat zombies
  A plant (Sewer)
258 creatures vanquished.

Vanquished Creatures (others)
  A quokka (D:6)
1 creature vanquished.

Grand Total: 259 creatures vanquished

Notes
Turn   | Place    | Note
-------+----------+-------------------------------------------
     0 | D:1      | Heatsaber the Vine Stalker Warper began the quest for the
                  | Orb.
     0 | D:1      | Reached XP level 1. HP: 11/11 MP: 4/4
    52 | D:1      | Reached skill level 1 in Armour
   330 | D:1      | Reached skill level 2 in Short Blades
   399 | D:1      | Reached XP level 2. HP: 15/15 MP: 6/6
   403 | D:1      | Learned a level 2 spell: Blink
  1039 | D:2      | Reached XP level 3. HP: 17/18 MP: 5/7
  1263 | D:2      | Learned a level 2 spell: Shroud of Golubria
  1384 | D:2      | Gained mutation: Your natural rate of healing is unusually
                  | fast. [Vine Stalker growth]
  1384 | D:2      | Reached XP level 4. HP: 23/23 MP: 8/8
  1831 | D:3      | Noticed Grinder
  1844 | D:3      | Killed Grinder
  1844 | D:3      | Reached skill level 3 in Short Blades
  1844 | D:3      | Reached XP level 5. HP: 28/28 MP: 9/9
  1844 | D:3      | Reached XP level 6. HP: 32/32 MP: 10/10
  1933 | D:3      | Found a transporter.
  1948 | D:3      | Found a transporter.
  2086 | D:3      | Found a glowing drain.
  2098 | Sewer    | Entered a sewer
  2748 | D:3      | Noticed Sigmund
  2760 | D:3      | Killed Sigmund
  2760 | D:3      | Reached skill level 4 in Short Blades
  2760 | D:3      | Reached XP level 7. HP: 37/37 MP: 11/11
  3229 | D:4      | Found a staircase to the Ecumenical Temple.
  3259 | Temple   | Entered the Ecumenical Temple
  3330 | Temple   | Became a worshipper of Warmaster Okawaru
  3400 | D:4      | Found a blossoming altar of Fedhas.
  3548 | D:4      | Found a glowing golden altar of the Shining One.
  3600 | D:4      | Found Wedwel's Weapon Emporium.
  3698 | D:5      | Entered Level 5 of the Dungeon
  4210 | D:5      | Learned a level 2 spell: Song of Slaying
  4453 | D:6      | Gained mutation: You have razor-sharp teeth. [Vine Stalker
                  | growth]
  4453 | D:6      | Reached XP level 8. HP: 37/42 MP: 9/12
  4458 | D:6      | Reached * piety under Okawaru
  4611 | D:6      | Reached skill level 5 in Short Blades
  4650 | D:6      | Reached skill level 5 in Fighting
  4685 | D:6      | Found a shattered altar of Ashenzari.
  4749 | D:6      | Found an ancient bone altar of Kikubaaqudgha.
  4844 | D:6      | Noticed Edmund
  4855 | D:6      | Killed Edmund
  4929 | D:6      | Found a white marble altar of Elyvilon.
  4959 | D:6      | Noticed a yak
  4959 | D:6      | Noticed a yak
  4959 | D:6      | Noticed a yak
  4959 | D:6      | Noticed a yak
  4962 | D:6      | Noticed a yak
  4969 | D:6      | Killed a yak
  4973 | D:6      | Killed a yak
  4973 | D:6      | Reached ** piety under Okawaru
  4973 | D:6      | Reached skill level 6 in Short Blades
  4977 | D:6      | Killed a yak
  4983 | D:6      | Killed a yak
  4983 | D:6      | Reached skill level 5 in Armour
  4983 | D:6      | Reached XP level 9. HP: 41/48 MP: 11/13
  5368 | D:6      | Reached skill level 7 in Short Blades
  5762 | D:7      | Got a smoking whip {slash}
  5875 | D:7      | Found Wune Tuw's Gadget Boutique.
  6001 | D:7      | Noticed Joseph
  6016 | D:7      | Killed Joseph
  6016 | D:7      | Reached *** piety under Okawaru
  6049 | D:7      | Reached skill level 8 in Short Blades
  6101 | D:7      | Identified the +4 whip of Jebeg {slash, Int+6 Dex-4} (You
                  | took it off a crimson imp on level 7 of the Dungeon)
  6106 | D:7      | Found a sand-covered staircase.
  6118 | Ossuary  | Entered an ossuary
  6354 | Ossuary  | Reached XP level 10. HP: 50/53 MP: 14/14
  6609 | D:7      | Noticed Menkaure
  6625 | D:7      | Killed Menkaure
  6939 | D:7      | Found a shadowy altar of Dithmenos.
  7113 | D:7      | Reached **** piety under Okawaru
  7113 | D:7      | Reached skill level 9 in Short Blades
  7561 | D:8      | Noticed a centaur warrior
  7567 | D:8      | Killed a centaur warrior
  7755 | D:8      | Reached skill level 10 in Short Blades
  7811 | D:8      | Noticed a three-headed hydra
  7830 | D:8      | Killed a three-headed hydra
  7830 | D:8      | Reached ***** piety under Okawaru
  7830 | D:8      | Reached XP level 11. HP: 36/60 MP: 12/15
  7932 | D:8      | Reached skill level 1 in Throwing
  8396 | D:9      | Found a staircase to the Orcish Mines.
  8445 | D:9      | Received a gift from Okawaru
  8799 | D:9      | Found an opulent altar of Gozag.
  9009 | D:9      | Killed from afar by a molten gargoyle

Skill      XL: |  1  2  3  4  5  6  7  8  9 10 11 |
---------------+----------------------------------+-----
Armour         | 1 2 3 4 5 6 7 |  7.9
Fighting       | 2 3 4 5 6 8 |  8.8
Short Blades   | 2 3 4 6 8 10 | 10.0
Throwing       | 2 |  2.1
Dodging        | 2 |  2.4
Spellcasting   | |  2.1
Translocations | |  3.0

Action                   |  1- 3 |  4- 6 |  7- 9 | 10-12 || total
-------------------------+-------+-------+-------+-------++-------
Melee: Short sword       |    38 |       |       |       ||    38
       Bite              |    19 |    39 |   160 |   138 ||   356
       Dagger            |    49 |   165 |   380 |   288 ||   882
       Rapier            |       |       |   104 |   172 ||   276
       Whip              |       |       |     6 |       ||     6
       Punch             |       |       |       |     1 ||     1
 Cast: Shroud of Golubri |     1 |     5 |    17 |    10 ||    33
Invok: Heroism           |       |       |       |     4 ||     4
 Abil: Evoke Berserk Rag |       |     4 |     6 |     4 ||    14
  Use: Scroll            |       |     3 |     7 |     3 ||    13
       Potion            |       |       |     1 |       ||     1
 Stab: Sleeping          |       |       |     1 |       ||     1
  Eat: Chunk             |     2 |     8 |    16 |    12 ||    38
       Ration            |       |       |     1 |     2 ||     3
Armor: Leather armour    |    32 |    25 |     2 |       ||    59
       Ring mail         |       |       |   137 |   143 ||   280
Dodge: Dodged            |    39 |    71 |   189 |   186 ||   485
